[Event "Titled Tuesday Blitz November 22 Late 2022"]
[White "Ghazarian, Kirk"]
[Black "Jegorovas, Aleksandras"]
[WhiteFideId "30908604"]
[BlackFideId "12801950"]
[WhiteElo "2346"]
[BlackElo "2247"]
[Result "1-0"]
[Round "05"]
[TimeControl "180+1"]
[Date "2022.11.23"]
[WhiteClock "0:00:17"]
[BlackClock "0:00:16"]

1. Nf3 Nf6 2. g3 b6 3. Bg2 Bb7 4. O-O e6 5. b3 c5 6. Bb2 Be7 7. e3 O-O 8. c4 a6 9. Nc3 d6 10. Rc1 Nbd7 11. d4 cxd4 12. Nxd4 Qc7 13. Bxb7 Qxb7 14. Qf3 Qc7 15. Rfd1 Rac8 16. Qe2 Ne5 17. f4 Nc6 18. Nf3 Qb7 19. e4 Rfd8 20. Re1 Bf8 21. Rcd1 Rb8 22. Kg2 b5 23. cxb5 axb5 24. e5 dxe5 25. fxe5 Ng4 26. Ne4 Rxd1 27. Rxd1 Rd8 28. Rxd8 Nxd8 29. h3 Nh6 30. g4 Nc6 31. Nd6 Bxd6 32. exd6 b4 33. Qd2 Qd7 34. Qg5 f6 35. Bxf6 Kf8 36. Bb2 Ng8 37. Qf4+ Ke8 38. Ng5 h6 39. Ne4 g5 40. Qf1 e5 41. Qc4 Kf8 42. Qb5 h5 43. Qf1+ Kg7 44. gxh5 g4 45. Kh2 gxh3 46. Qg1+ Kh8 47. Qg6 Qg7 48. Qxg7+ Kxg7 49. Kxh3 Kf7 50. Kg4 Ke6 51. Kg5 Kd5 52. Nf6+ Nxf6 53. Kxf6 Kxd6 54. h6 e4 55. h7 e3 56. h8=Q e2 57. Qh2+ 1-0


[Site "https://www.chess.com"]

[Event "Titled Tuesday Blitz November 22 Late 2022"]
[White "Goltsev, Dmitry"]
[Black "Tari, Aryan"]
[WhiteFideId "24176710"]
[BlackFideId "1510045"]
[WhiteElo "2289"]
[BlackElo "2612"]
[Result "1/2-1/2"]
[Round "05"]
[TimeControl "180+1"]
[Date "2022.11.22"]
[WhiteClock "0:00:43"]
[BlackClock "0:00:17"]

1. e4 c6 2. d4 d5 3. Nc3 dxe4 4. Nxe4 Nf6 5. Nxf6+ exf6 6. c3 Bd6 7. Bd3 O-O 8. Qc2 Re8+ 9. Be3 h5 10. Nf3 Nd7 11. O-O-O b5 12. h3 Nb6 13. Rde1 Nd5 14. Bd2 Rxe1+ 15. Rxe1 Be6 16. Bf5 Bxf5 17. Qxf5 g6 18. Qc2 Qd7 19. Nh4 Kg7 20. Qe4 f5 21. Qe2 f4 22. Nf3 f6 23. Qe6 Qxe6 24. Rxe6 Rd8 25. b3 Kf7 26. Re1 g5 27. Kc2 Ne7 28. Bc1 Nf5 29. Nd2 b4 30. Bb2 bxc3 31. Bxc3 Bc7 32. Nc4 Nxd4+ 33. Bxd4 Rxd4 34. f3 Rd5 35. Rd1 Ke6 36. Rxd5 cxd5 37. Na3 a6 38. Kd3 Bb6 39. Nc2 a5 40. Nd4+ Ke5 41. Nc6+ Kd6 42. Nd4 Ke5 43. Nc6+ Ke6 44. Nd4+ Kd6 45. Nb5+ Kc5 46. Nd4 Kb4 47. Nc2+ Kb5 48. Kc3 Bc5 49. Kd3 Kc6 50. Nd4+ Kd6 51. Kc3 Bb4+ 52. Kd3 Bc5 53. Kc3 Bb4+ 54. Kd3 Bc5 1/2-1/2


[Site "https://www.chess.com"]

[Event "Titled Tuesday Blitz November 22 Late 2022"]
[White "Golubev, Mikhail"]
[Black "Daggupati, Balaji"]
[WhiteFideId "14100983"]
[BlackFideId "2090759"]
[WhiteElo "2374"]
[BlackElo "2685"]
[Result "0-1"]
[Round "05"]
[TimeControl "180+1"]
[Date "2022.11.23"]
[WhiteClock "0:00:01"]
[BlackClock "0:00:08"]

1. e4 c5 2. Nf3 e6 3. d4 cxd4 4. Nxd4 Nf6 5. Nc3 Nc6 6. a3 Be7 7. Be3 O-O 8. Nxc6 bxc6 9. e5 Nd5 10. Nxd5 cxd5 11. Bd3 Ba6 12. O-O Bxd3 13. Qxd3 d6 14. exd6 Qxd6 15. c4 dxc4 16. Qxc4 Bf6 17. Rad1 Qe7 18. Bd4 Rfd8 19. Bxf6 Qxf6 20. b4 Qb2 21. Rxd8+ Rxd8 22. Qc7 Qd4 23. h3 g6 24. Rc1 h5 25. Qc3 Qf4 26. Qc5 Rd2 27. Qxa7 Ra2 28. Rd1 Qf5 29. Rd8+ Kg7 30. Qe3 Qb1+ 31. Kh2 Qb2 32. Qd4+ Qxd4 33. Rxd4 Rxa3 34. f3 Rb3 35. Kg3 Kf6 36. Rc4 g5 37. Kf2 h4 38. Re4 Rb2+ 39. Kf1 Ke7 40. Re5 f6 41. Rb5 f5 42. Rb7+ Kf6 43. Rb5 Rb1+ 44. Kf2 Rb3 45. Kg1 Rb2 46. Kh2 e5 47. Rb6+ Kf7 48. Rb5 Ke6 49. Rb6+ Kd5 50. Rb5+ Kd4 51. Rb8 e4 52. Rd8+ Ke3 53. fxe4 fxe4 54. Rb8 Kf2 0-1


[Site "https://www.chess.com"]

[Event "Titled Tuesday Blitz November 22 Late 2022"]
[White "Goncalves, Davi Sulzbacher"]
[Black "Schmidt, Harald"]
[WhiteFideId "2154510"]
[BlackFideId "4648358"]
[WhiteElo "2182"]
[BlackElo "2302"]
[Result "0-1"]
[Round "05"]
[TimeControl "180+1"]
[Date "2022.11.23"]
[WhiteClock "0:00:01"]
[BlackClock "0:00:33"]

1. Nf3 d6 2. g3 e5 3. Bg2 g6 4. O-O Bg7 5. d4 e4 6. Nfd2 f5 7. c4 Nc6 8. d5 Ne5 9. Nc3 Nf6 10. b3 O-O 11. Bb2 e3 12. fxe3 Nfg4 13. e4 Ne3 14. Qc1 Nxf1 15. Nxf1 fxe4 16. Nxe4 Bf5 17. Qd2 Bxe4 18. Bxe4 Qf6 19. Kh1 Rae8 20. Bg2 Qf5 21. e4 Qf2 22. Bd4 Qxd2 23. Nxd2 Ng4 24. Bxg7 Kxg7 25. h3 Rf2 26. Nf1 Nf6 27. Kg1 Rb2 28. c5 Nxe4 29. cxd6 Nxd6 30. Rc1 Re7 31. h4 Rxa2 32. Bh3 Rb2 33. Rc3 a5 34. Be6 b5 35. Ne3 a4 36. bxa4 bxa4 37. Ra3 Rb3 38. Rxb3 axb3 39. Nd1 c6 40. Kf2 cxd5 41. Bxd5 Ne4+ 42. Kf3 Nd2+ 43. Kf2 Kf6 44. g4 h6 45. Bg8 g5 46. hxg5+ hxg5 47. Nb2 Rc7 48. Ke3 Rc2 0-1


[Site "https://www.chess.com"]

[Event "Titled Tuesday Blitz November 22 Late 2022"]
[White "Gonzalez, Francisco Silva"]
[Black "Gritsenko, Nikolai"]
[WhiteFideId "1512285"]
[BlackFideId "14112493"]
[WhiteElo "2159"]
[BlackElo "2389"]
[Result "0-1"]
[Round "05"]
[TimeControl "180+1"]
[Date "2022.11.23"]
[WhiteClock "0:00:06"]
[BlackClock "0:00:05"]

1. d4 d5 2. c4 Nc6 3. Nf3 Bg4 4. Nbd2 e6 5. e3 Nf6 6. h3 Bh5 7. Qa4 Bxf3 8. Nxf3 Bb4+ 9. Bd2 Bxd2+ 10. Nxd2 O-O 11. Nf3 Ne7 12. c5 c6 13. Rc1 Ng6 14. Bd3 Nd7 15. h4 Re8 16. h5 Ngf8 17. Qc2 e5 18. Be2 Qf6 19. Kf1 h6 20. b4 a6 21. a4 Ne6 22. Rd1 exd4 23. Nxd4 a5 24. Nxe6 fxe6 25. b5 Rf8 26. f3 e5 27. b6 Qe7 28. Rc1 Qg5 29. Qc3 Rf7 30. Rh3 Kh8 31. Rd1 Qe7 32. Rc1 Qf6 33. Kg1 Qg5 34. Rc2 Nf6 35. g4 Raf8 36. f4 exf4 37. exf4 Qxf4 38. Qe3 Qxa4 39. Qb3 Qd4+ 40. Qe3 Qb4 41. Qc3 Qb1+ 42. Rc1 Qe4 43. Bf3 Qf4 44. Re1 Nxg4 45. Qxa5 Ne5 46. Rf1 Qg5+ 47. Kh2 Nxf3+ 48. Rfxf3 Rxf3 49. Qa2 Qe5+ 50. Rg3 Qxg3+ 51. Kh1 Rf1# 0-1


[Site "https://www.chess.com"]

[Event "Titled Tuesday Blitz November 22 Late 2022"]
[White "Gorodetzky, David"]
[Black "Fernandez De La Vara, Arnaldo"]
[WhiteFideId "2813416"]
[BlackFideId "3518388"]
[WhiteElo "2497"]
[BlackElo "2387"]
[Result "1-0"]
[Round "05"]
[TimeControl "180+1"]
[Date "2022.11.22"]
[WhiteClock "0:00:36"]
[BlackClock "0:00:05"]

1. c4 c5 2. Nf3 Nc6 3. Nc3 g6 4. g3 Bg7 5. Bg2 d6 6. d3 Nf6 7. a3 O-O 8. Rb1 Ne8 9. Bd2 a5 10. h4 h6 11. h5 g5 12. Nxg5 hxg5 13. Bxg5 Nc7 14. h6 Bf6 15. h7+ Kh8 16. Bh6 Bg7 17. Bxg7+ Kxg7 18. Qd2 Kh8 19. Qh6 Ne5 20. Be4 f5 21. Bd5 e6 22. Bg2 Qf6 23. Qf4 Bd7 24. Rh6 Qg7 25. Kd2 Rf6 26. Rh5 Qg4 27. Qxg4 Nxg4 28. Bxb7 Rb8 29. Bf3 Ne5 30. Bg2 Rf7 31. f4 Ng4 32. Bf3 Nf6 33. Rh6 Nce8 34. g4 fxg4 35. Be4 Nxe4+ 36. Nxe4 Rxh7 37. Rg6 Rg7 38. Rh1+ Kg8 39. Rgh6 Kf7 40. Kc3 Ke7 41. Rh7 Bc6 42. Rxg7+ Nxg7 43. Rh7 Kf7 44. Nxd6+ Kg6 45. Rh4 Nf5 46. Rxg4+ Kf6 47. Nxf5 exf5 48. Rh4 Kg6 49. Rh3 a4 50. Rg3+ Kf6 51. Kc2 Rh8 52. Re3 Rh4 53. Re5 Rxf4 54. Rxc5 Bd7 55. Kd2 Rf1 56. Rd5 Be8 57. c5 Ke7 58. Re5+ Kd7 59. c6+ Kd8 60. c7+ Kxc7 61. Rxe8 f4 62. Re4 f3 63. exf3 Rxf3 64. Rxa4 Kb6 65. Rc4 Kb5 66. Kc3 Rf1 67. a4+ Ka5 68. b3 Rc1+ 69. Kb2 Rd1 70. Rc5+ Kb6 71. Rd5 Kc6 72. Rd4 Kc5 73. Rc4+ Kb6 74. d4 Ka5 75. Rc5+ Kb6 76. Rc4 Ka5 77. Kc2 Rh1 78. Rc5+ Kb4 79. Rb5+ Ka3 80. d5 Rh3 81. d6 Rh2+ 82. Kc3 Rh6 83. Rd5 Rh3+ 84. Kc4 Rh4+ 85. Kc5 1-0


[Site "https://www.chess.com"]

[Event "Titled Tuesday Blitz November 22 Late 2022"]
[White "Goryachkina, Aleksandra"]
[Black "Rasulov, Vugar"]
[WhiteFideId "4147103"]
[BlackFideId "13402390"]
[WhiteElo "2484"]
[BlackElo "2509"]
[Result "0-1"]
[Round "05"]
[TimeControl "180+1"]
[Date "2022.11.22"]
[WhiteClock "0:00:04"]
[BlackClock "0:00:36"]

1. e4 e5 2. Nf3 Nc6 3. Nc3 Nf6 4. d4 exd4 5. Nxd4 Bb4 6. Nxc6 bxc6 7. Bd3 O-O 8. O-O Re8 9. Bg5 h6 10. Bh4 Be7 11. Re1 d6 12. h3 Rb8 13. b3 Nd7 14. Bxe7 Qxe7 15. f4 Nc5 16. Qd2 Qf6 17. Kh1 a5 18. Rad1 Rb4 19. a3 Rb8 20. e5 dxe5 21. fxe5 Qe7 22. Ne4 Nxe4 23. Bxe4 Qxa3 24. Bxc6 Rf8 25. Bd5 Qb4 26. Qxb4 axb4 27. e6 fxe6 28. Bxe6+ Bxe6 29. Rxe6 Rbe8 30. Rxe8 Rxe8 31. Rd7 c5 32. Rd5 Rc8 33. Kg1 Kf7 34. Kf2 Ke6 35. Rh5 Kd6 36. Ke2 Re8+ 37. Kd3 Re1 38. Rh4 Rd1+ 39. Ke2 Rg1 40. Rg4 g5 41. Kd3 Kd5 42. h4 Rd1+ 43. Ke3 Re1+ 44. Kf3 Rc1 45. hxg5 hxg5 46. Rxg5+ Kc6 47. Rg6+ Kb5 48. Ke3 Rxc2 49. Kd3 Rc3+ 50. Kd2 Rxb3 51. g4 Rg3 52. g5 c4 0-1


[Site "https://www.chess.com"]

[Event "Titled Tuesday Blitz November 22 Late 2022"]
[White "Gundam, Rohit"]
[Black "Bazzano, Sebastian"]
[WhiteFideId "75002809"]
[BlackFideId "104566"]
[WhiteElo "2403"]
[BlackElo "2211"]
[Result "0-1"]
[Round "05"]
[TimeControl "180+1"]
[Date "2022.11.23"]
[WhiteClock "0:00:01"]
[BlackClock "0:00:14"]

1. d4 Nf6 2. Nf3 g6 3. c4 c5 4. Nc3 Bg7 5. d5 e6 6. e4 exd5 7. e5 Ne4 8. cxd5 Nxc3 9. bxc3 O-O 10. Bg5 f6 11. exf6 Re8+ 12. Be2 Bxf6 13. Bxf6 Qxf6 14. d6 Qxc3+ 15. Kf1 b6 16. Rc1 Qf6 17. Qd5+ Kg7 18. Qxa8 Nc6 19. h3 Qf8 20. Bb5 Ba6 21. Qxe8 Bxb5+ 22. Qe2 Bxe2+ 23. Kxe2 Qxd6 24. Rhd1 Qe6+ 25. Kf1 d5 26. Re1 Qf5 27. Re8 Kh6 28. Kg1 Nb4 29. Rce1 d4 30. R1e5 Qf4 31. Nh2 Nd3 0-1


[Site "https://www.chess.com"]

[Event "Titled Tuesday Blitz November 22 Late 2022"]
[White "Gutkin, Ilya"]
[Black "Jeet, Jain"]
[WhiteFideId "16203470"]
[BlackFideId "5073022"]
[WhiteElo "2265"]
[BlackElo "2067"]
[Result "1-0"]
[Round "05"]
[TimeControl "180+1"]
[Date "2022.11.23"]
[WhiteClock "0:00:10"]
[BlackClock "0:00:36"]

1. Nf3 Nf6 2. g3 g6 3. b3 Bg7 4. Bb2 O-O 5. Bg2 d6 6. d4 Nbd7 7. O-O c6 8. Nbd2 Re8 9. e4 e5 10. Re1 Qc7 11. Nc4 b5 12. dxe5 bxc4 13. exf6 Nxf6 14. e5 dxe5 15. Bxe5 Qa5 16. Qd4 Nh5 17. Bxg7 Rxe1+ 18. Rxe1 Nxg7 19. Re5 Qc7 20. Qxc4 Be6 21. Qc3 Rd8 22. Re1 Bd5 23. Ng5 Bxg2 24. Kxg2 h6 25. Ne4 Nh5 26. Nf6+ Nxf6 27. Qxf6 Qd7 28. c4 Re8 29. Rxe8+ Qxe8 30. Qd4 Qe7 31. c5 Kh7 32. h4 h5 33. b4 Qe2 34. a4 Qa2 35. b5 Qe6 36. b6 axb6 37. cxb6 c5 38. Qxc5 Qe4+ 39. Kh2 Qxa4 40. b7 Qb3 41. Qc7 Qf3 42. Qb6 g5 43. b8=Q gxh4 44. Qf4 hxg3+ 45. Qxg3 Qf5 46. Qd4 f6 47. Qgd3 Kg6 48. Qxf5+ Kxf5 49. Kg3 Kg5 50. Qf4+ Kg6 51. Kh4 Kf7 52. Kxh5 Ke6 53. Kg6 Kd5 54. Kxf6 Kc5 55. Qd2 Kb5 56. Qc3 Ka4 57. Qb2 Ka5 58. Ke6 Ka6 59. Kd6 Ka5 60. Kc5 Ka6 61. Qb6# 1-0


[Site "https://www.chess.com"]

[Event "Titled Tuesday Blitz November 22 Late 2022"]
[White "Guzman, Christopher"]
[Black "Fernandez Garcia, Gumersindo"]
[WhiteFideId "6405096"]
[BlackFideId "24516740"]
[WhiteElo "2272"]
[BlackElo "2140"]
[Result "1-0"]
[Round "05"]
[TimeControl "180+1"]
[Date "2022.11.23"]
[WhiteClock "0:01:01"]
[BlackClock "0:00:07"]

1. e4 c5 2. Nf3 e6 3. d4 cxd4 4. Nxd4 Nf6 5. Nc3 Nc6 6. Ndb5 Bb4 7. Nd6+ Ke7 8. Nxc8+ Rxc8 9. Bd3 Re8 10. O-O Kf8 11. f4 Bxc3 12. bxc3 d5 13. e5 Ne4 14. Qe1 g6 15. Bxe4 dxe4 16. Qxe4 Ne7 17. c4 Kg8 18. Ba3 Nf5 19. g4 Qd4+ 20. Qxd4 Nxd4 21. Rab1 Nxc2 22. Bd6 b6 23. Rfc1 Ne3 24. c5 bxc5 25. Bxc5 Nxg4 26. Bxa7 Rxc1+ 27. Rxc1 h5 28. a4 Re7 29. Bb6 Re8 30. a5 Ra8 31. Rc7 Nh6 32. Ra7 Rb8 33. Bf2 Ng4 34. Bb6 Nh6 35. h3 Nf5 36. Bf2 Ne7 37. a6 Nc6 38. Rc7 Nb4 39. a7 Ra8 40. Bc5 Nd3 41. Be3 Kg7 42. Rb7 Nxf4 43. Bxf4 g5 44. Be3 Kg6 45. Rb8 Rxa7 46. Bxa7 Kf5 47. Bd4 1-0


[Site "https://www.chess.com"]

[Event "Titled Tuesday Blitz November 22 Late 2022"]
[White "Haszon, David"]
[Black "Janaszak, Dawid"]
[WhiteFideId "733610"]
[BlackFideId "1119206"]
[WhiteElo "2211"]
[BlackElo "2226"]
[Result "1/2-1/2"]
[Round "05"]
[TimeControl "180+1"]
[Date "2022.11.23"]
[WhiteClock "0:00:06"]
[BlackClock "0:00:13"]

1. e4 c5 2. c3 e5 3. Nf3 Nc6 4. d4 cxd4 5. cxd4 exd4 6. Bc4 Nf6 7. Qb3 Bb4+ 8. Bd2 Bxd2+ 9. Nbxd2 O-O 10. O-O Na5 11. Qd3 Nxc4 12. Nxc4 d5 13. exd5 Qxd5 14. Qxd4 Bg4 15. Qxd5 Nxd5 16. Nfe5 Be6 17. Rac1 Rfd8 18. Nf3 Nf4 19. Kh1 Bd5 20. b3 g5 21. Ne3 Bxf3 22. gxf3 Rac8 23. Nc4 f6 24. Na5 Rxc1 25. Rxc1 Rd2 26. Nxb7 Rxa2 27. h4 Rxf2 28. hxg5 fxg5 29. Nd6 Rxf3 30. Ne4 h6 31. Rc7 Nd5 32. Rxa7 Rxb3 33. Rd7 Rb1+ 34. Kh2 Rb2+ 35. Kh1 Re2 36. Ng3 Re1+ 37. Kh2 Nf4 38. Nf5 h5 39. Rg7+ Kf8 40. Rxg5 Re2+ 41. Kh1 Kf7 42. Ng3 Re1+ 43. Kh2 h4 44. Nh5 Re2+ 45. Kh1 Nh3 46. Rf5+ Kg6 47. Ra5 Nf2+ 48. Kg2 Nd3+ 49. Kf3 Rh2 50. Nf4+ Nxf4 51. Kxf4 Rh1 52. Kg4 h3 53. Kg3 h2 54. Kg2 Rg1+ 55. Kxh2 Rg5 56. Rxg5+ Kxg5 1/2-1/2


[Site "https://www.chess.com"]

[Event "Titled Tuesday Blitz November 22 Late 2022"]
[White "Ibadov, Dashgyn"]
[Black "Sargsyan, Anna M."]
[WhiteFideId "24107514"]
[BlackFideId "13308130"]
[WhiteElo "2208"]
[BlackElo "2284"]
[Result "0-1"]
[Round "05"]
[TimeControl "180+1"]
[Date "2022.11.23"]
[WhiteClock "0:00:01"]
[BlackClock "0:00:27"]

1. d4 d5 2. c4 c6 3. cxd5 cxd5 4. Nc3 e5 5. dxe5 d4 6. Nb1 Qa5+ 7. Nd2 Nc6 8. Nf3 Bg4 9. Qb3 Rc8 10. h3 Be6 11. Qd1 Nb4 12. Nxd4 Qxe5 13. N2f3 Qe4 14. e3 Nf6 15. Bb5+ Bd7 16. Bxd7+ Nxd7 17. O-O Be7 18. a3 Nd3 19. Qa4 a6 20. Rd1 Nc5 21. Qa5 O-O 22. Bd2 b6 23. Qc3 Nd3 24. Qb3 N7c5 25. Qa2 Bh4 26. Rf1 Bxf2+ 27. Rxf2 Nxf2 28. Kxf2 Qd3 29. Bc3 Ne4+ 30. Kg1 Qxe3+ 31. Kh2 Qf4+ 32. Kh1 Rfe8 33. Qd5 Rcd8 34. Qb7 h5 35. Qxb6 h4 36. Ne2 Qf5 37. Ned4 Ng3+ 38. Kh2 Qf4 39. Kg1 Rd6 40. Qc5 Rg6 41. Qc6 Rxc6 42. Nxc6 Ne2+ 43. Kf2 Qg3+ 44. Kf1 Nf4 45. Ne1 Rxe1+ 0-1


[Site "https://www.chess.com"]

[Event "Titled Tuesday Blitz November 22 Late 2022"]
[White "Jarmula, Lukasz"]
[Black "Makridis, Dimitrios"]
[WhiteFideId "1160664"]
[BlackFideId "25864475"]
[WhiteElo "2357"]
[BlackElo "2272"]
[Result "1/2-1/2"]
[Round "05"]
[TimeControl "180+1"]
[Date "2022.11.22"]
[WhiteClock "0:00:07"]
[BlackClock "0:00:07"]

1. e4 e5 2. Nf3 Nc6 3. Bb5 Nf6 4. O-O Nxe4 5. d4 Nd6 6. Bxc6 dxc6 7. dxe5 Nf5 8. Qxd8+ Kxd8 9. Nc3 Ke8 10. h3 h6 11. Re1 Be6 12. g4 Ne7 13. Nd4 c5 14. Nxe6 fxe6 15. Nb5 Kd7 16. c4 Nc6 17. Bf4 Re8 18. Rad1+ Kc8 19. Kg2 a6 20. Nc3 Be7 21. Bg3 Nd4 22. f4 Rhf8 23. Ne4 b6 24. Rf1 Rd8 25. Rd2 Kb7 26. Rfd1 Kc6 27. b4 Rb8 28. a3 g5 29. fxg5 hxg5 30. Bf2 Rf4 31. Nf6 Bxf6 32. exf6 e5 33. Bg3 Rxf6 34. Bxe5 Re6 35. Bxd4 cxd4 36. Rxd4 Re2+ 37. Kf3 Ra2 38. R1d3 Rf8+ 39. Kg3 Rff2 40. Re4 Rg2+ 41. Kf3 Raf2+ 42. Ke3 Ra2 43. Re6+ Kb7 44. Kd4 Rac2 45. Re5 Rgf2 46. Rxg5 Rf4+ 47. Ke5 Rcxc4 48. Rf5 Rfe4+ 49. Kf6 Rc6+ 50. Kg5 Re8 51. Rdf3 Rg8+ 52. Kh4 Rc4 53. Kg3 a5 54. g5 axb4 55. axb4 Rxb4 56. h4 c5 57. h5 Rb1 58. g6 Rh1 59. Kg4 c4 60. Rf7+ Ka6 61. Ra3+ Kb5 62. Rf5+ Kb4 63. Ra7 c3 64. Rb7 c2 65. Rxb6+ Kc3 66. Rc6+ Kb2 67. Rb5+ Kc1 68. Rbc5 Rg1+ 69. Kf5 Rg2 70. h6 Rf8+ 71. Ke5 Rg5+ 72. Ke4 Rg4+ 73. Ke3 Rg3+ 74. Ke4 Rg4+ 75. Ke3 Rg3+ 76. Ke4 Rg4+ 1/2-1/2


[Site "https://www.chess.com"]

[Event "Titled Tuesday Blitz November 22 Late 2022"]
[White "Jobava, Baadur"]
[Black "Bortnyk, Olexandr"]
[WhiteFideId "13601520"]
[BlackFideId "14120828"]
[WhiteElo "2582"]
[BlackElo "2723"]
[Result "1-0"]
[Round "05"]
[TimeControl "180+1"]
[Date "2022.11.22"]
[WhiteClock "0:00:18"]
[BlackClock "0:00:10"]

1. d4 d6 2. e4 Nf6 3. Nc3 Nbd7 4. f4 e5 5. Nf3 exd4 6. Qxd4 c6 7. Be3 d5 8. e5 Bc5 9. Qd2 Bxe3 10. Qxe3 Ng4 11. Qd2 Qb6 12. O-O-O Nc5 13. Kb1 h5 14. h3 Nh6 15. Rg1 Bd7 16. Be2 O-O-O 17. a3 g6 18. Ng5 h4 19. Qe1 Bf5 20. Nf3 Ne6 21. Nxh4 Nxf4 22. Nxf5 Nxf5 23. Bg4 Ne6 24. Rf1 Neg7 25. Bxf5+ Nxf5 26. Rd3 d4 27. Ne4 Rd5 28. g4 Ne3 29. Rxf7 Nc4 30. Rb3 Rb5 31. Rxb5 Qxb5 32. Nd6+ Nxd6 33. exd6 d3 34. d7+ 1-0


[Site "https://www.chess.com"]

[Event "Titled Tuesday Blitz November 22 Late 2022"]
[White "Kamsky, Gata"]
[Black "Weetik, Vjacheslav"]
[WhiteFideId "2000024"]
[BlackFideId "4153472"]
[WhiteElo "2666"]
[BlackElo "2469"]
[Result "1-0"]
[Round "05"]
[TimeControl "180+1"]
[Date "2022.11.22"]
[WhiteClock "0:01:32"]
[BlackClock "0:00:07"]

1. e4 e5 2. Nf3 Nc6 3. Bb5 g6 4. d4 exd4 5. Bg5 Be7 6. Bxe7 Qxe7 7. O-O Nf6 8. Re1 O-O 9. e5 Nh5 10. c3 Qc5 11. a4 d3 12. Qxd3 d6 13. b4 Nxe5 14. Nxe5 Qxe5 15. Rxe5 dxe5 16. Qe3 c6 17. Bc4 Bf5 18. Nd2 Rad8 19. Nf3 Nf4 20. Nxe5 1-0


[Site "https://www.chess.com"]

[Event "Titled Tuesday Blitz November 22 Late 2022"]
[White "Kaplan, Avi Harrison"]
[Black "Lizak, Peter"]
[WhiteFideId "30934559"]
[BlackFideId "731595"]
[WhiteElo "1983"]
[BlackElo "2420"]
[Result "0-1"]
[Round "05"]
[TimeControl "180+1"]
[Date "2022.11.23"]
[WhiteClock "0:00:02"]
[BlackClock "0:00:22"]

1. a3 Nf6 2. c4 g6 3. Nc3 Bg7 4. e4 d6 5. d3 O-O 6. Be2 c5 7. Be3 Nc6 8. Rc1 a6 9. Qd2 Nd4 10. Bd1 Ng4 11. Bf4 Ne5 12. Nf3 Nexf3+ 13. gxf3 Bh3 14. Rg1 b5 15. Be3 bxc4 16. dxc4 Rb8 17. Rg3 Be6 18. Nd5 Bxd5 19. cxd5 Rxb2 20. Qxb2 Nxf3+ 21. Rxf3 Bxb2 22. Rb1 Bd4 23. Bd2 f5 24. exf5 Rxf5 25. Rxf5 gxf5 26. Bc2 Qd7 27. Rb8+ Kg7 28. Ke2 e5 29. Ba5 f4 30. Be4 Qg4+ 31. Bf3 Qh4 32. Rb7+ Kh6 33. Be4 Qxf2+ 34. Kd1 Qf1+ 35. Kd2 Be3+ 36. Kc3 Qe1+ 37. Kd3 Qxa5 38. Rxh7+ Kg5 39. h4+ Kg4 40. Rg7+ Kh3 41. Rh7 Qb5+ 42. Kc2 c4 43. Rg7 Qb3# 0-1


[Site "https://www.chess.com"]

[Event "Titled Tuesday Blitz November 22 Late 2022"]
[White "Kilic, Eray"]
[Black "Koellner, Ruben Gideon"]
[WhiteFideId "44517173"]
[BlackFideId "12993093"]
[WhiteElo "2328"]
[BlackElo "2303"]
[Result "1-0"]
[Round "05"]
[TimeControl "180+1"]
[Date "2022.11.23"]
[WhiteClock "0:01:01"]
[BlackClock "0:00:02"]

1. e4 d6 2. d4 Nf6 3. Nc3 e5 4. Nf3 Nbd7 5. Bc4 Be7 6. O-O c6 7. Re1 h6 8. a4 Qc7 9. Ba2 Nf8 10. h3 g5 11. dxe5 dxe5 12. Nd2 Ng6 13. Nc4 g4 14. hxg4 Bxg4 15. f3 Be6 16. Ne3 Bc5 17. Bxe6 fxe6 18. Kh1 Rd8 19. Qe2 Qf7 20. Ng4 h5 21. Nxf6+ Qxf6 22. g3 Nf4 23. Bxf4 exf4 24. e5 Qf5 25. Ne4 Be3 26. Qh2 Qxe5 27. Qh4 Rh6 28. Rad1 Rxd1 29. Rxd1 Bd4 30. gxf4 Qg7 31. c3 Bb6 32. Nd6+ Kf8 33. Nc4 Rg6 34. Nxb6 axb6 35. Qd8+ Kf7 36. Rd7# 1-0


[Site "https://www.chess.com"]

[Event "Titled Tuesday Blitz November 22 Late 2022"]
[White "Kirillov, Dmitry"]
[Black "Korchmar, Vasiliy"]
[WhiteFideId "34180572"]
[BlackFideId "24131750"]
[WhiteElo "2095"]
[BlackElo "2370"]
[Result "1-0"]
[Round "05"]
[TimeControl "180+1"]
[Date "2022.11.23"]
[WhiteClock "0:00:14"]
[BlackClock "0:00:01"]

1. d4 d5 2. Nf3 Nf6 3. Bf4 c5 4. e3 Nc6 5. Nbd2 Bf5 6. c3 e6 7. Bb5 Bd6 8. Ne5 Rc8 9. Qa4 O-O 10. Bxc6 bxc6 11. Nxc6 Qd7 12. Bxd6 Qxd6 13. Ne5 Rb8 14. b3 cxd4 15. exd4 Rfc8 16. Rc1 Ng4 17. Nxg4 Bxg4 18. O-O Qf4 19. Nb1 h5 20. Qa6 h4 21. h3 Bf5 22. Na3 Qd2 23. Qa5 Qxa2 24. b4 Rb7 25. Rfe1 Rbc7 26. Nb5 Rc6 27. Qxa2 1-0


[Site "https://www.chess.com"]

[Event "Titled Tuesday Blitz November 22 Late 2022"]
[White "Kleiman, Jake"]
[Black "Necromon"]
[WhiteFideId "2020041"]
[WhiteElo "2621"]
[BlackElo "2476"]
[Result "1-0"]
[Round "05"]
[TimeControl "180+1"]
[Date "2022.11.23"]
[WhiteClock "0:00:15"]
[BlackClock "0:00:13"]

1. e4 c5 2. c3 d5 3. exd5 Qxd5 4. d4 Nf6 5. Nf3 Bg4 6. Nbd2 e6 7. Bc4 Qd7 8. Qb3 Bd6 9. Ne5 Qc7 10. Bb5+ Nc6 11. Ndc4 O-O 12. Nxg4 Nxg4 13. h3 Nf6 14. Nxd6 Qxd6 15. dxc5 Qxc5 16. Be3 Qe5 17. O-O Nd5 18. Bd2 Rab8 19. Rfe1 Qf5 20. Rad1 Ne5 21. Bc1 Nf4 22. Bf1 Nxh3+ 23. gxh3 Nf3+ 24. Kg2 Nh4+ 25. Kh1 Qf3+ 26. Kg1 Qf6 27. Qc4 Nf3+ 28. Kg2 Nxe1+ 29. Rxe1 Rfd8 30. Be3 b5 31. Qf4 Qg6+ 32. Kh2 h6 33. Be2 a6 34. Rg1 Qc2 35. Qxh6 g6 36. Bh5 Rb7 37. Bxg6 fxg6 38. Rxg6+ Kf7 39. Qh7+ 1-0


[Site "https://www.chess.com"]

[Event "Titled Tuesday Blitz November 22 Late 2022"]
[White "Kollars, Dmitrij"]
[Black "Javakhadze, Zurab"]
[WhiteFideId "12909572"]
[BlackFideId "13603647"]
[WhiteElo "2584"]
[BlackElo "2381"]
[Result "1-0"]
[Round "05"]
[TimeControl "180+1"]
[Date "2022.11.22"]
[WhiteClock "0:00:06"]
[BlackClock "0:00:04"]

1. Nf3 d5 2. d4 Nf6 3. c3 e6 4. Bf4 Bd6 5. e3 Bxf4 6. exf4 c5 7. Nbd2 Qc7 8. g3 cxd4 9. Nxd4 Nc6 10. N2f3 O-O 11. Bd3 Nxd4 12. Nxd4 e5 13. fxe5 Bg4 14. f3 Qxe5+ 15. Qe2 Qxe2+ 16. Kxe2 Rfe8+ 17. Kf2 Bd7 18. Rad1 g6 19. g4 a6 20. Bc2 Bc6 21. h4 Nd7 22. c4 Rac8 23. Nxc6 bxc6 24. cxd5 cxd5 25. Ba4 Re7 26. Rxd5 Nb6 27. Rd4 Nxa4 28. Rxa4 Rc2+ 29. Kg3 Rxb2 30. Rxa6 Ree2 31. a4 h6 32. Rg1 Ra2 33. Ra7 Kg7 34. g5 hxg5 35. hxg5 Re5 36. Kh4 Rd5 37. Rg4 Rf5 38. Kg3 Ra3 39. Kh2 Rfxf3 40. a5 Rf2+ 41. Rg2 Rf5 42. a6 Ra1 43. Kh3 Rf3+ 44. Rg3 Rf4 45. Kg2 Ra2+ 46. Kh3 Rfa4 47. Rf3 Rxa6 48. Raxf7+ 1-0


[Site "https://www.chess.com"]

[Event "Titled Tuesday Blitz November 22 Late 2022"]
[White "Kopylov, Alexander A."]
[Black "De La Colina, Nicolas"]
[WhiteFideId "4164857"]
[BlackFideId "30946921"]
[WhiteElo "2436"]
[BlackElo "2046"]
[Result "0-1"]
[Round "05"]
[TimeControl "180+1"]
[Date "2022.11.23"]
[WhiteClock "0:00:06"]
[BlackClock "0:00:34"]

1. e4 c5 2. Nf3 Nc6 3. Bb5 Nf6 4. Nc3 g6 5. O-O Bg7 6. h3 O-O 7. e5 Ne8 8. Re1 Nc7 9. Bxc6 dxc6 10. d3 Ne6 11. Be3 b6 12. Qd2 Nd4 13. Nh2 Bxe5 14. Bh6 Bg7 15. Bxg7 Kxg7 16. Ng4 f6 17. Qh6+ Kg8 18. Rac1 e5 19. Ne4 Qe7 20. c3 Nf5 21. Qd2 Be6 22. f4 exf4 23. Qxf4 h5 24. Ne3 Rad8 25. Nxf5 Bxf5 26. Re3 Qe5 27. Qxe5 fxe5 28. Rce1 Rd5 29. Ng3 Rxd3 30. Rxd3 Bxd3 31. Rxe5 h4 32. Ne4 Rf1+ 33. Kh2 Kg7 34. Re7+ Kh6 35. Nd6 Rf2 36. Rxa7 Rxb2 37. Rd7 Bf1 38. Nf7+ Kh5 39. Ne5 Bxg2 40. Rh7+ Kg5 41. Nf7+ Kf6 42. Kg1 Bd5 43. Nd6 Rg2+ 44. Kf1 Rxa2 45. Nc8 Bg2+ 46. Ke1 b5 47. Rxh4 Bd5 48. Nd6 Ke5 49. Ne8 Rc2 50. Rg4 Rxc3 51. h4 Rh3 52. Kd2 b4 53. Rg5+ Ke6 54. Ng7+ Kf7 55. h5 Kxg7 56. Rxg6+ Kf7 57. Rh6 c4 58. Rh7+ Ke6 59. h6 Ke5 60. Rh8 Kd4 61. h7 Rh2+ 62. Ke1 b3 63. Kf1 b2 64. Rb8 Rxh7 65. Rxb2 Rh1+ 66. Ke2 Rh2+ 0-1


[Site "https://www.chess.com"]